 Dungeon Crawl Stone Soup version 0.30.1-11-g7821555f0a (webtiles) character file.

Game seed: 11532891666406112420

658 porpoise the Firebug (level 7, 0/50 HPs)
             Began as a Yellow Draconian Fire Elementalist on Dec 9, 2023.
             Slain by an ogre
             ... wielding a +0 giant spiked club
              (24 damage)
             ... on level 4 of the Dungeon.
             The game lasted 00:14:32 (4054 turns).

porpoise the Firebug (DrFE)                         Turns: 4054, Time: 00:14:35

Health: 0/50       AC:  6    Str: 10    XL:     7   Next: 29%
Magic:  4/10       EV: 12    Int: 17    God:
Gold:   216        SH:  0    Dex: 12    Spells: 5/11 levels left

rFire   . . .        a - staff of conjuration
rCold   . . .        (no shield)
rNeg    . . .        (body armour unavailable)
rPois   .            (helmet restricted)
rElec   .            (no cloak)
rCorr   +            (no gloves)
SInv    +            (no boots)
Will    .....        (no amulet)
Stlth   ++           d - ring of see invisible
HPRegen 0.28/turn    (no ring)
MPRegen 0.12/turn

%: no passive effects
@: no status effects
A: spit acid, AC +6, unfitting armour, cold-blooded, acid resistance
a: Breathe Acid


You were on level 4 of the Dungeon.
You visited 1 branch of the dungeon, and saw 4 of its levels.

You collected 216 gold pieces.

Inventory:

Hand Weapons
 h - a +0 dagger
 j - a +2 dagger of speed
Missiles
 m - 3 boomerangs
 o - 5 atropa-tipped darts
 w - 5 poisoned darts
Armour
 r - an orb of wrath
Magical Staves
 a - a staff of conjuration (weapon)
Jewellery
 d - a ring of see invisible (left hand)
 u - an amulet of faith
Wands
 e - a wand of polymorph (10)
Scrolls
 c - a scroll of enchant weapon {unknown}
 f - a scroll of magic mapping
 i - a scroll of vulnerability {unknown}
 k - a scroll of amnesia {unknown}
 n - a scroll of torment {unknown}
 s - a scroll of acquirement {unknown}
 t - a scroll of fog {unknown}
 v - a scroll of immolation {unknown}
Potions
 b - 2 potions of haste
 g - a potion of magic
 l - 4 potions of heal wounds
 p - a potion of mutation
 q - a potion of flight
 x - a potion of ambrosia {unknown}
 z - a potion of curing {unknown}


   Skills:
 - Level 1.7 Dodging
 - Level 1.7 Stealth
 - Level 2.6 Spellcasting
 + Level 4.5 Conjurations
 + Level 3.9 Translocations
 + Level 5.4 Fire Magic


You had 5 spell levels left.
You knew the following spells:

 Your Spells              Type           Power      Damage    Failure   Level
a - Foxfire               Conj/Fire      100%       2x1d9     2%          1
b - Scorch                Fire           40%        2d6       3%          2
c - Volatile Blastmotes   Fire/Tloc      36%        2d13      8%          3

Your spell library contained the following spells:

 Spells                   Type           Power      Damage    Failure   Level
 Momentum Strike          Conj/Tloc      50%        3d9       4%          2
 Blink                    Tloc           30%        N/A       5%          2
 Lesser Beckoning         Tloc           30%        N/A       5%          2
 Inner Flame              Hex/Fire       11%        N/A       19%         3
 Portal Projectile        Hex/Tloc       16%        N/A       24%         3
 Flame Wave               Conj/Fire      28%        2d9       24%         4
 Call Canine Familiar     Summ           2%         N/A       50%         3
 Leda's Liquefaction      Hex/Erth       1%         N/A       88%         4


Dungeon Overview and Level Annotations

Branches:
Dungeon (4/15)
 Temple: D:4-7

Altars:


Innate Abilities, Weirdness & Mutations

You can spit globs of acid.
Your golden yellow scales are hard. (AC +6)
You cannot fit into any form of body armour.
You are cold-blooded and may be slowed by cold attacks.
You are resistant to acid. (rCorr)


Message History

The black bear attacks as you move away!
The black bear bites you. The black bear completely misses you.
The black bear claws you.
Casting: Scorch (safe; 3% risk of failure)
Confirm with . or Enter, or press ? or * to list all spells.
You conjure some foxfire!
An ogre comes into view. It is wielding a +0 giant spiked club.
The black bear bites you. The black bear claws you. The black bear misses you.
a - a staff of conjuration (weapon)
The foxfire hits the black bear!
The black bear is burned terribly!
The black bear is severely wounded.
The foxfire hits the black bear!
The black bear is burned terribly!
The black bear is almost dead.
The black bear goes berserk!
You closely miss the black bear. You tail-slap the black bear.
The black bear is almost dead.
The black bear bites you!
The black bear claws you but does no damage.
The black bear claws you. The black bear barely misses you.
The black bear claws you but does no damage.
The black bear claws you.
Casting: Foxfire (safe; 2% risk of failure)
Confirm with . or Enter, or press ? or * to list all spells.
You feel a surge of power!
You conjure some foxfire!
The black bear barely misses you. The black bear claws you.
The black bear barely misses you.
You closely miss the black bear.
The black bear is almost dead.
The black bear is no longer more vulnerable to fire.
The foxfire hits the black bear.
You kill the black bear!
The foxfire hits the ogre.
The ogre is lightly wounded.
Casting: Foxfire (safe; 2% risk of failure)
Confirm with . or Enter, or press ? or * to list all spells.
Flames lash the ogre.
The ogre is moderately wounded.
The ogre's fire resistance burns away.
The ogre hits you with a +0 giant spiked club!!
You die...

.# *,....,#.# *,* *,****,*,, .#
*.....,#.##*,******,* *,*,*
.#####.....,#..#*,,,,,**,* *,,,,
.##........,##.#****,,,,,****,*,*
....†#..,,,,*#.# *,,,,,,,,,,*,*
.##..#.#######.## *,,,******,*,*
.##..#..........# *,,,,*,,,,,*,*
.##..#.....##.#§## *,,,,*,*****,*
..............#§@# *,,,,*,*,,,,,*
######.#......##O#*****,*,*,*****
..................#** *,*,*,*
....####.##.####....***,*,,,*
.........##.***##.#...*,*********
....#######.,,,,,.###...*,,,,,,,,
....# **,*****##***..*,*******
....######.,,,,,,,,,,*,.,,* *,,,
...........,,,,,,,,,,*,,******,*,


You could see an ogre (combustible).

Vanquished Creatures
  Grinder (D:4)
  A black bear (D:4)
  An ogre (D:3)
  A howler monkey (D:4)
  A sleepcap (D:4)
  An iguana (D:4)
  5 adders
  5 gnolls
  2 dart slugs
  2 orcs
  12 ball pythons
  6 endoplasms
  6 giant cockroaches
  7 goblins
  7 hobgoblins
  8 jackals
  A quokka (D:2)
  6 bats
  A frilled lizard (D:3)
  8 kobolds
  6 rats
88 creatures vanquished.

Vanquished Creatures (others)
  167 foxfires
167 creatures vanquished.

Grand Total: 255 creatures vanquished

Notes
Turn   | Place    | Note
-------+----------+-------------------------------------------
     0 | D:1      | porpoise the Draconian Fire Elementalist began the quest
                  | for the Orb.
     0 | D:1      | Reached XP level 1. HP: 14/14 MP: 3/3
   185 | D:1      | Reached XP level 2. HP: 20/20 MP: 3/5
   677 | D:1      | Reached XP level 3. HP: 26/26 MP: 0/6
   986 | D:2      | Learned a level 2 spell: Scorch
   990 | D:2      | Learned a level 3 spell: Volatile Blastmotes
  1205 | D:2      | Found a faded altar of an unknown god.
  1269 | D:2      | Reached skill level 1 in Translocations
  1269 | D:2      | Reached XP level 4. HP: 33/33 MP: 4/7
  1774 | D:2      | Reached skill level 4 in Fire Magic
  2258 | D:3      | Noticed an ogre
  2266 | D:3      | Killed an ogre
  2267 | D:3      | Reached XP level 5. HP: 38/38 MP: 0/8
  3424 | D:4      | Reached XP level 6. HP: 32/45 MP: 3/9
  3823 | D:4      | Noticed Grinder
  3835 | D:4      | Killed Grinder
  3836 | D:4      | Reached skill level 5 in Fire Magic
  3836 | D:4      | Your scales start taking on a golden yellow colour.
  3836 | D:4      | Reached XP level 7. HP: 38/50 MP: 5/10
  3836 | D:4      | Gained mutation: You are resistant to acid. (rCorr) [Yellow
                  | Draconian growth]
  4054 | D:4      | Slain by an ogre

Illustrated notes

Levels and vault maps discovered:
D:1:      amcnicky_arrival_gap_in_the_tavern_cellar, layout_rooms,
          item_on_display_a
D:2:      layout_basic, nicolae_ecumenical_snake_handling,
          dreamdust_princess_corridor, minmay_misc_feat_rugged,
          kennysheep_generic_room_11
D:3:      layout_loops_ring, minmay_starry_boxes
D:4:      layout_basic, minmay_gold_behind_fungi, kennysheep_generic_room_13,
          uniq_grinder

Skill      XL: |  1  2  3  4  5  6 |
---------------+-------------------+-----
Conjurations   | 2 3 4 |  4.5
Translocations | 1 2 3 |  3.9
Fire Magic     | 4 5 |  5.4
Dodging        | |  1.7
Stealth        | |  1.7
Spellcasting   | |  2.6

Action                     |  1- 3 |  4- 6 |  7- 9 || total
---------------------------+-------+-------+-------++-------
  Melee: Unarmed           |     6 |       |       ||     6
         Tailslap          |     3 |     8 |     1 ||    12
         Staff             |    12 |    57 |    12 ||    81
         Dagger            |     3 |       |       ||     3
   Cast: Foxfire           |    50 |    50 |     6 ||   106
         Scorch            |       |    14 |     2 ||    16
    Use: Scroll            |       |     5 |       ||     5
         Potion            |       |     2 |       ||     2
   Stab: Sleeping          |       |     1 |       ||     1
 Armour: Skin              |     5 |    24 |     9 ||    38
  Dodge: Dodged            |    24 |    49 |    16 ||    89
